 Dungeon Crawl Stone Soup version 0.24.0-2-g5b39cebb1c (webtiles) character file.

Game seed: 9662738241610874557, levelgen mode: deterministic

1261 derkot the Grappler (level 8, -3/63 HPs)
             Began as a Ghoul Gladiator on Oct 30, 2019.
             Slain by Pikel
             ... wielding a +0 whip of electrocution
              (4 damage)
             ... on level 5 of the Dungeon.
             The game lasted 00:20:35 (4427 turns).

derkot the Grappler (Ghoul Gladiator)               Turns: 4427, Time: 00:20:35

Health: -3/63      AC: 12    Str: 19    XL:     8   Next: 52%
Magic:  7/7        EV:  6    Int:  3    God:
Gold:   188        SH:  8    Dex: 11    Spells: 7/7 levels left

rFire    . . .     SeeInvis .     - Unarmed
rCold    + . .     Gourm    .   C - +0 shield
rNeg     + + +     Faith    .   s - +1 chain mail {rPois}
rPois    ∞         Spirit   .   b - +0 helmet
rElec    .         Reflect  .   (no cloak)
rCorr    .         Harm     .   (no gloves)
MR       .....                  F - +0 pair of boots
Stlth    ..........             e - amulet of magic regeneration (curse)
HPRegen  0.00/turn              (no ring)
MPRegen  0.35/turn              (no ring)

@: rotting
A: rotting body, claws 1, carnivore, cold resistance 1, negative energy
resistance 3, inhibited regeneration, torment resistance, unbreathing
a: no special abilities


You were on level 5 of the Dungeon.
You were not hungry.

You visited 1 branch of the dungeon, and saw 5 of its levels.

You collected 350 gold pieces.
You spent 162 gold pieces at shops.

Inventory:

Hand Weapons
 f - a +0 scythe
 i - a +0 shortbow
 m - a +2 dagger of holy wrath
 x - a +4 quarterstaff of chaos
Missiles
 a - 19 arrows
 c - 4 throwing nets (quivered)
Armour
 b - a +0 helmet (worn)
 s - a +1 chain mail of poison resistance (worn)
 C - a +0 shield (worn)
 F - a +0 pair of boots (worn)
 I - a +2 robe of positive energy
Jewellery
 e - a cursed amulet of magic regeneration (around neck)
 t - an uncursed ring of magical power {unknown}
Scrolls
 h - 4 scrolls of identify
 l - a scroll of amnesia {unknown}
 n - 5 scrolls of teleportation
 o - a scroll of fear {unknown}
 p - 2 scrolls of fog {unknown}
 q - 3 scrolls of remove curse
 r - a scroll of enchant weapon {unknown}
 y - 2 scrolls of magic mapping {unknown}
 B - a scroll of immolation {unknown}
 D - 2 scrolls of noise {unknown}
 G - a scroll of blinking {unknown}
 H - a scroll of enchant armour
Potions
 g - a potion of magic {unknown}
 v - 2 potions of haste {unknown}
 w - a potion of agility {unknown}
 z - a potion of invisibility {unknown}
 A - 2 potions of resistance {unknown}
 E - a potion of heal wounds {unknown}
Comestibles
 d - 16 rations


   Skills:
 + Level 3.5 Fighting
 + Level 1.4 Polearms
 + Level 1.9 Throwing
 + Level 4.0 Armour
 + Level 3.8 Dodging
 + Level 0.8 Stealth
 + Level 1.7 Shields
 + Level 8.5 Unarmed Combat


You had 7 spell levels left.
You didn't know any spells.
Your spell library was empty.

Dungeon Overview and Level Annotations

Branches:
Dungeon (5/15)
 Temple: D:4-7

Altars:
Fedhas
Okawaru
Sif Muna
Uskayaw

Shops:
D:4 ?

Annotations:
D:5 Pikel


Innate Abilities, Weirdness & Mutations

Your body is rotting away.
You thrive on raw meat.
You are immune to poison.
You have sharp fingernails.
You are carnivorous and can eat meat at any time.
Your flesh is cold resistant. (rC+)
You are immune to negative energy. (rN+++)
You do not regenerate when monsters are visible.
You are immune to unholy pain and torment.
You can survive without breathing.


Message History

The slave is severely wounded.
The slave hits you but does no damage. x2; Pikel hits you but does no damage.
You closely miss the slave.
The slave is severely wounded.
The slave hits you.
* * * LOW HITPOINT WARNING * * *
The slave closely misses you.
You mangle the slave!!
You kill the slave!
That felt strangely unrewarding.
Pikel hits you but does no damage.
You scratch the slave.
The slave is lightly wounded.
The slave hits you.
* * * LOW HITPOINT WARNING * * *
Pikel hits you but does no damage. The slave barely misses you.
You closely miss Pikel.
Pikel is heavily wounded.
The slave barely misses you.
Pikel hits you with a +0 whip of electrocution.
You die...

#..........#......#
##...###..##......###########
########..#.....###...##....#
#.........#.....#.....'.....#
##........#.....#.....#.....#
.#.......>)....>#.....#.....#
.+.......)#.....#.....#.....#
.#........#....p#.....#.....#
.#........#....p@.....#.....#
.#...##.###...pK#...####....#
.#...##.#.<.....########....#
.#......#.......#...........#
.#......#.......#...........#
.'......#.......#...........#
.#......+.......#...........#
.#......#.......#...........#
.########.......######.##...#


You could see Pikel and 3 slaves.

Vanquished Creatures
  Sigmund (D:2)
  A sky beast (D:5)
  A slave (D:5)
  2 ice beasts (D:5)
  2 ogres
  A centaur (D:5)
  A jelly (D:5)
  A hound (D:4)
  2 orc priests (D:4)
  An orc wizard (D:5)
  Crazy Yiuf (D:2)
  Jessica (D:4)
  2 worker ants (D:4)
  A hound skeleton (D:4)
  Robin (D:2)
  11 gnolls
  8 adders
  An adder zombie (D:2)
  A dart slug (D:3)
  4 leopard geckos
  17 orcs
  6 bats
  6 giant cockroaches
  16 goblins
  14 hobgoblins
  3 jackals (D:5)
  2 quokkas
  A ball python (D:2)
  5 frilled lizards
  7 kobolds
  A quokka zombie (D:5)
  5 rats
127 creatures vanquished.

Notes
Turn   | Place    | Note
-------+----------+-------------------------------------------
     0 | D:1      | derkot the Ghoul Gladiator began the quest for the Orb.
     0 | D:1      | Reached XP level 1. HP: 17/17 MP: 0/0
   101 | D:1      | Reached XP level 2. HP: 22/24 MP: 1/1
   463 | D:1      | Reached XP level 3. HP: 29/29 MP: 2/2
   915 | D:2      | Reached skill level 4 in Unarmed Combat
  1045 | D:2      | Reached XP level 4. HP: 33/37 MP: 3/3
  1163 | D:2      | Noticed Robin
  1208 | D:2      | Killed Robin
  1651 | D:2      | Reached skill level 1 in Armour
  1652 | D:2      | Noticed Sigmund
  1693 | D:2      | Killed Sigmund
  1693 | D:2      | Reached skill level 5 in Unarmed Combat
  1693 | D:2      | Reached XP level 5. HP: 14/42 MP: 4/4
  1693 | D:2      | Reached XP level 6. HP: 17/50 MP: 5/5
  1708 | D:2      | Found a runed translucent door.
  1709 | D:2      | Noticed Crazy Yiuf
  1913 | D:2      | Paralysed by Crazy Yiuf for 4 turns
  1920 | D:2      | Killed Crazy Yiuf
  2235 | D:3      | Found a blossoming altar of Fedhas.
  2538 | D:3      | Reached skill level 1 in Polearms
  2543 | D:3      | Reached skill level 6 in Unarmed Combat
  2824 | D:4      | Reached XP level 7. HP: 47/56 MP: 6/6
  2970 | D:4      | Found a hide-covered altar of Uskayaw.
  3292 | D:4      | Reached skill level 7 in Unarmed Combat
  3475 | D:4      | Found Wifoc's Magic Scroll Boutique.
  3483 | D:4      | Bought a scroll of identify for 26 gold pieces
  3483 | D:4      | Bought a scroll of enchant armour for 97 gold pieces
  3483 | D:4      | Bought a scroll of remove curse for 39 gold pieces
  3498 | D:4      | Noticed Jessica
  3507 | D:4      | Found a shimmering blue altar of Sif Muna.
  3518 | D:4      | Killed Jessica
  3566 | D:4      | Found an iron altar of Okawaru.
  3580 | D:5      | Entered Level 5 of the Dungeon
  3591 | D:5      | Reached skill level 1 in Shields
  3800 | D:5      | HP: 2/57 [ogre/+0 giant club (8)]
  3801 | D:5      | Reached XP level 8. HP: 2/63 MP: 7/7
  4198 | D:5      | Reached skill level 8 in Unarmed Combat
  4397 | D:5      | Noticed Pikel
  4426 | D:5      | HP: 1/63 [slave[Pikel] (4)]
  4427 | D:5      | Slain by Pikel

Levels and vault maps discovered:
D:1:      eino_arrival_tree_alley, layout_basic, chequers_serial_rivers_room_a
D:2:      layout_loops_ring, uniq_robin, uniq_crazy_yiuf_cottage, uniq_sigmund
D:3:      layout_loops_ring, fedhas_altar_2
D:4:      layout_cave_pods, kennysheep_mini, tgw_sif,
          eat_drink_and_be_merry_uskayaw, serial_shops, shop_scrolls
D:5:      layout_gridville, kennysheep_little_box, first_ration, uniq_pikel

Skill      XL: |  1  2  3  4  5  6  7  8 |
---------------+-------------------------+-----
Dodging        | 3 |  3.8
Unarmed Combat | 4 5 6 7 8 |  8.5
Armour         | 2 3 4 |  4.0
Polearms       | 1 |  1.4
Fighting       | 3 |  3.5
Shields        | 1 |  1.7
Throwing       | |  1.9
Stealth        | |  0.8

Action                   |  1- 3 |  4- 6 |  7- 9 || total
-------------------------+-------+-------+-------++-------
Melee: Unarmed           |   106 |   199 |   193 ||   498
       Punch             |     4 |       |       ||     4
       Scythe            |       |    21 |       ||    21
  Use: Potion            |       |       |     3 ||     3
       Scroll            |       |       |     2 ||     2
 Stab: Invisible         |       |     1 |       ||     1
  Eat: Chunk             |     4 |    18 |    10 ||    32
       Ration            |       |     1 |       ||     1
Armor: Leather armour    |    10 |       |       ||    10
       Ring mail         |    24 |     4 |       ||    28
       Chain mail        |       |   131 |    82 ||   213
Dodge: Dodged            |    56 |    79 |    33 ||   168
Block: Shield            |       |     2 |    52 ||    54
